 Dungeon Crawl Stone Soup version 0.31-a0-233-g139696dc86 (webtiles) character file.

Game seed: 18159003719265772125

42 qw the Shooter (level 3, 0/21 HPs)
             Began as a Gargoyle Hexslinger on July 7, 2023.
             Slain by a hobgoblin (5 damage)
             ... led by Robin
             ... on level 3 of the Dungeon.
             The game lasted 00:00:29 (1384 turns).

qw the Shooter (Gargoyle Hexslinger)                Turns: 1384, Time: 00:00:29

Health: 0/21       AC:  8    Str: 11    XL:     3   Next: 56%
Magic:  4/4        EV:  8    Int: 13    God:
Gold:   67         SH:  0    Dex: 14    Spells: 3/4 levels left

rFire   . . .        Y - +1 sling
rCold   . . .        (no shield)
rNeg    + . .        g - +0 leather armour
rPois   inf          (no helmet)
rElec   +            d - +0 cloak
rCorr   .            b - +0 pair of gloves
SInv    .            (no boots)
Will    .....        (no amulet)
Stlth   +            (no ring)
HPRegen 0.23/turn    (no ring)
MPRegen 0.09/turn

%: no passive effects
@: grasped by roots, constricted
A: sickness immunity, AC +3, negative energy resistance 1, electricity
resistance, torment resistance 1, petrification resistance
a: no special abilities


You were on level 3 of the Dungeon.
You visited 1 branch of the dungeon, and saw 3 of its levels.

You collected 67 gold pieces.


Innate Abilities, Weirdness & Mutations

You are immune to sickness and miasma.
Your stone body is resilient. (AC +3)
You are immune to poison.
You resist negative energy. (rN+)
You are resistant to electric shocks. (rElec)
You are resistant to unholy torment.
You are immune to petrification.


   Skills:
 - Level 2.0 Fighting
 + Level 3.5 Ranged Weapons
 - Level 1.5 Dodging
 - Level 1.0 Spellcasting
 - Level 2.6 Hexes


You had 3 spell levels left.
You knew the following spells:

 Your Spells              Type           Power      Damage    Failure   Level
a - Slow                  Hex            28%        N/A       12%         1

Your spell library contained the following spells:

 Spells                   Type           Power      Damage    Failure   Level
 Inner Flame              Hex/Fire       4%         N/A       54%         3
 Portal Projectile        Hex/Tloc       8%         N/A       54%         3
 Cause Fear               Hex            3%         N/A       77%         4

Inventory:

Hand Weapons
 Y - a +1 sling (weapon)
Armour
 b - a +0 pair of gloves (worn)
 d - a +0 cloak (worn)
 g - a +0 leather armour (worn)
Scrolls
 a - a scroll of identify
Potions
 e - a potion of resistance {unknown}
 f - a potion of haste {unknown}
 k - a potion of cancellation {unknown}
 l - a potion of attraction {unknown}

Dungeon Overview and Level Annotations

Branches:
Dungeon (3/15)

Altars:

Annotations:
D:3 Ijyb, Robin


Message History

The hobgoblin is moderately wounded.
The hobgoblin misses you. Robin throws the goblin at you!
A gnoll comes into view. It is wielding a +0 club. x2
Ijyb screams, "Level is mine!
All mine!"
The goblin hits you but does no damage. The hobgoblin hits you.
The goblin hits you with a +0 club.
The hobgoblin hits you but does no damage.
The goblin barely misses you.
The hobgoblin hits you but does no damage.
The goblin closely misses you. The goblin hits you but does no damage.
The gnoll moves out of view.
You shoot a sling bullet. The gnoll shouts!
The sling bullet hits the hobgoblin.
The hobgoblin is almost dead.
You hear a shout!
The goblin misses you. The hobgoblin closely misses you. The goblin misses you.
The goblin hits you but does no damage.
Ijyb zaps a wand.
The roots erupt in riotous growth!
The hobgoblin is unaffected.
The goblin is unaffected.
The grasping roots grab you! The grasping roots constrict you.
The goblin barely misses you.
The gnoll shouts!
You hear a shout!
You shoot a sling bullet.
The sling bullet closely misses the hobgoblin.
The goblin hits you but does no damage. The hobgoblin misses you.
Robin roars a battlecry!
The goblins go into a battle-frenzy!
The goblin hits you with a +0 club. The goblin barely misses you.
A gnoll comes into view. It is wielding a +0 flail.
The grasping roots constrict you. The hobgoblin barely misses you.
An orc comes into view. It is wielding a +0 club.
The goblin hits you with a +0 club. The goblin hits you but does no damage.
You shoot a sling bullet.
The sling bullet closely misses the hobgoblin.
The hobgoblin closely misses you.
The goblin hits you but does no damage. x3
The grasping roots constrict you.
Robin says, "A pitiful Gargoyle like you will never find the ORB!"
The hobgoblin hits you.
You die...

## #. .# ...
#.##... .......
###....?..
..####......:..
......[gg....<.
#@g#
......gggg.....
#....g.g..g)...
#.........g....
#..g~....~...##
##.g........##
.g)...~~.....
......~~....?.


You could see Ijyb (strong), Robin, 3 gnolls, 3 hobgoblins and 6 goblins.

Vanquished Creatures
  An adder (D:2)
  A worm (D:2)
  An orc (D:3)
  4 bats
  An endoplasm (D:2)
  3 giant cockroaches (D:2)
  6 goblins
  2 jackals (D:1)
  A quokka (D:1)
  3 frilled lizards
  2 kobolds (D:1)
  A rat (D:1)
26 creatures vanquished.

Notes
Turn   | Place    | Note
-------+----------+-------------------------------------------
     0 | D:1      | qw the Gargoyle Hexslinger began the quest for the Orb.
     0 | D:1      | Reached XP level 1. HP: 12/12 MP: 2/2
     0 | D:1      | 0 ||| qw: Version: 0.3-a-46-gb1f654a
     0 | D:1      | 0 ||| qw: Game counter: 3290
     0 | D:1      | 0 ||| qw: Melee chars always use a shield: true
     0 | D:1      | 0 ||| qw: God list: Okawaru
     0 | D:1      | 0 ||| qw: Allow faded altars: false
     0 | D:1      | 0 ||| qw: Do Orc after clearing Dungeon:15 true
     0 | D:1      | 0 ||| qw: Do second Lair branch before Depths: true
     0 | D:1      | 0 ||| qw: Lair rune preference: random
     0 | D:1      | 0 ||| qw: Goals: Normal
     0 | D:1      | 0 ||| PLANNING D:1-11
   552 | D:1      | Reached XP level 2. HP: 13/16 MP: 3/3
   814 | D:1      | 814 ||| UPGRADING to +0 leather armour.
   824 | D:1      | 824 ||| DROPPING +0 robe.
   825 | D:1      | 825 ||| READING scroll labelled LOUCAM MOUTWYQ.
   826 | D:1      | 826 ||| READING 2 scrolls labelled XEN XUTIEC.
   827 | D:1      | 827 ||| READING scroll labelled HOYGICEG GIFEPLEACW.
   828 | D:1      | 828 ||| DRINKING 2 lumpy inky potions.
   829 | D:1      | 829 ||| DROPPING scroll of poison.
   830 | D:1      | 830 ||| DROPPING potion of brilliance.
   831 | D:1      | 831 ||| DROPPING scroll of revelation.
   846 | D:2      | Reached skill level 3 in Ranged Weapons
  1009 | D:2      | Reached XP level 3. HP: 21/21 MP: 4/4
  1305 | D:2      | 1305 ||| UPGRADING to +0 pair of gloves.
  1310 | D:2      | 1310 ||| UPGRADING to +0 cloak.
  1315 | D:2      | 1315 ||| READING scroll labelled LAMYDI QAIGU.
  1316 | D:2      | 1316 ||| READING scroll labelled RORUSHR WU GIDE.
  1331 | D:3      | Noticed Robin
  1334 | D:3      | Noticed Ijyb
  1335 | D:3      | 1335 ||| STAIRDANCE
  1384 | D:3      | HP: 5/21 [constriction (6)]
  1384 | D:3      | Slain by a hobgoblin

Levels and vault maps discovered:
D:1:      ncdulo_smallfort, layout_basic
D:2:      layout_basic
D:3:      layout_rooms, lemuel_crystal_altar, serial_shops, shop,
          grunt_decor_fettered, skrybe_limestone_x, kennysheep_generic_room_13,
          uniq_robin, uniq_ijyb

Skill      XL: |  1  2 |
---------------+-------+-----
Ranged Weapons | 3 |  3.5
Fighting       | 2 |  2.0
Dodging        | |  1.5
Spellcasting   | |  1.0
Hexes          | |  2.6

Action                     || total
---------------------------++-------
   Fire: Sling             ||   111
    Use: Scroll            ||     5
         Potion            ||     1
 Armour: Robe              ||    14
         Leather armour    ||    30
  Dodge: Dodged            ||    58

Table legend:
 A = Non-vault XP
 B = Vault XP
 C = Vault XP percentage of total XP
 D = Non-vault monster count
 E = Vault monster count
 F = Vault count percentage of total count
                 A         B        C        D         E       F
            +---------+---------+-------+---------+---------+-------
      Total |      53 |       8 |  13.1 |      22 |       4 |  15.4
            +---------+---------+-------+---------+---------+-------
        D:1 |      17 |       0 |   0.0 |      11 |       0 |   0.0
        D:2 |      33 |       8 |  19.5 |      10 |       4 |  28.6
        D:3 |       3 |       0 |   0.0 |       1 |       0 |   0.0
            +---------+---------+-------+---------+---------+-------
